 Dungeon Crawl Stone Soup version 0.28-a0-828-g0121872642 (webtiles) character file.

Game seed: 7815214714142056625

23533 ytrimaz the Unseen (level 13, -6/92 HPs)
             Began as an Octopode Brigand on Nov 10, 2021.
             Was an Initiate of Gozag.
             Shot with an arrow by a centaur warrior (14 damage)
             ... on level 14 of the Dungeon.
             The game lasted 00:24:18 (17857 turns).

ytrimaz the Unseen (Octopode Brigand)              Turns: 17857, Time: 00:24:18

Health: -6/92      AC:  3    Str: 16    XL:     13   Next: 7%
Magic:  13/13      EV: 22    Int: 21    God:    Gozag
Gold:   1594       SH:  0    Dex: 29    Spells: 12/12 levels left

rFire   + . .      SeeInvis +   F - +7 quick blade (protect)
rCold   . . .      Faith    .   (no shield)
rNeg    + . .      Spirit   .   L - +2 hat {Will+}
rPois   +          Reflect  .   (no amulet)
rElec   +          Harm     .   h - ring of the Coward {*Slow rElec Will+ Int+2 Dex+6}
rCorr   +          Rampage  .   f - ring of Insomnia {rF+ rN+ rCorr SInv}
Will    +++..                   o - +4 ring of slaying
Stlth   +++++++...              p - +6 ring of intelligence
HPRegen 0.25/turn               A - ring of Riow {rPois Str+4 Dex+6 Slay+2 Stlth-}
MPRegen 0.13/turn               u - ring of willpower
                                (no ring)
                                (no ring)

@: no status effects
A: almost no armour, amphibious, 8 rings, camouflage 1, gelatinous body 1,
(nimble swimmer 1), tentacles
a: Renounce Religion, Potion Petition, Call Merchant, Bribe Branch


You were on level 14 of the Dungeon.
You worshipped Gozag.
Gozag was most pleased with you.
You visited 2 branches of the dungeon, and saw 15 of its levels.
You also visited: Ossuary.

You collected 3651 gold pieces.
You spent 520 gold pieces at shops.
You paid 1537 gold pieces to Gozag.

Inventory:

Hand Weapons
 a - a +2 dagger of venom
 s - a +3 dagger
 F - a +7 quick blade of protection (weapon)
Missiles
 b - 25 poisoned darts (quivered)
 c - 3 curare-tipped darts
 d - 2 atropa-tipped darts
 z - 5 throwing nets
Armour
 L - a +2 hat of willpower (worn)
Jewellery
 f - the ring of Insomnia (right tentacle) {rF+ rN+ rCorr SInv}
   (You acquired it on level 2 of the Dungeon)

   [ring of see invisible]

   rF:        It protects you from fire.
   rN:        It protects you from negative energy.
   SInv:      It lets you see invisible.
   rCorr:     It protects you from acid and corrosion.
 h - the ring of the Coward (left tentacle) {*Slow rElec Will+ Int+2 Dex+6}
   (You acquired it on level 1 of the Dungeon)

   [ring of dexterity]

   Int:       It affects your intelligence (+2).
   Dex:       It affects your dexterity (+6).
   rElec:     It insulates you from electricity.
   *Slow:     It may slow you when you take damage.
   Will:      It increases your willpower.
 o - a +4 ring of slaying (on tentacle)
 p - a +6 ring of intelligence (on tentacle)
 u - a ring of willpower (on tentacle)
 A - the ring of Riow (on tentacle) {rPois Str+4 Dex+6 Slay+2 Stlth-}
   (You acquired it in an ossuary)

   [ring of dexterity]

   Str:       It affects your strength (+4).
   Dex:       It affects your dexterity (+6).
   Slay:      It affects your accuracy & damage with ranged weapons and melee
   (+2).
   rPois:     It protects you from poison.
   Stlth:     It makes you less stealthy.
 N - a ring of protection from fire
 O - an amulet of magic regeneration
 S - an amulet of the acrobat
Wands
 j - a wand of acid (23)
 q - a wand of flame (34)
 r - a wand of iceblast (10)
 w - a wand of paralysis (6)
 I - a wand of mindburst (30)
 K - a wand of digging (12)
 Q - a wand of polymorph (8)
Scrolls
 l - 2 scrolls of holy word
 n - a scroll of enchant armour
 v - 3 scrolls of noise
 y - a scroll of fear
 B - 3 scrolls of teleportation
 D - 3 scrolls of amnesia
 J - a scroll of brand weapon
 P - a scroll of fog
Potions
 e - 4 potions of brilliance
 g - a potion of attraction
 i - 2 potions of might
 k - 5 potions of curing
 m - a potion of magic
 t - 3 potions of cancellation
 x - 3 potions of ambrosia
 C - a potion of resistance
 E - 2 potions of heal wounds
 G - a potion of haste
 H - 2 potions of berserk rage {unknown}


   Skills:
 * Level 9.8 Fighting
 * Level 10.5 Short Blades
 * Level 12.2 Throwing
 * Level 9.1 Dodging
 + Level 16.4 Stealth


You had 12 spell levels left.
You didn't know any spells.
Your spell library contained the following spells:

 Spells                   Type           Power      Damage    Failure   Level
 Pain                     Necr           0%         1d4       19%         1
 Blink                    Tloc           0%         N/A       26%         2
 Corpse Rot               Necr/Air       0%         N/A       26%         2
 Poisonous Vapours        Pois/Air       0%         N/A       26%         2
 Fulminant Prism          Conj/Hex       0%         3d6       87%         4
 Iskenderun's Mystic Bla  Conj/Tloc      0%         2d3       87%         4
 Agony                    Necr           0%         N/A       99%         5
 Blade Hands              Tmut           0%         N/A       99%         5
 Excruciating Wounds      Necr           0%         N/A       99%         5
 Fireball                 Conj/Fire      0%         3d3       99%         5
 Irradiate                Conj/Tmut      0%         3d13      99%         5
 Iskenderun's Battlesphe  Conj           0%         2d6       99%         5
 Lee's Rapid Deconstruct  Erth           0%         3d5*      99%         5
 Manifold Assault         Tloc           0%         N/A       99%         5
 Conjure Ball Lightning   Conj/Air       0%         3x3d6     100%        6
 Iron Shot                Conj/Erth      0%         9d1       100%        6
 Dragon Form              Tmut           0%         N/A       100%        7
 Orb of Destruction       Conj           0%         N/A       100%        7
 Spellforged Servitor     Conj/Summ      0%         N/A       100%        7
 Storm Form               Tmut/Air       0%         N/A       100%        7


Dungeon Overview and Level Annotations

Branches:
Dungeon (14/15)            Temple (1/1) D:4            Lair (0/6) D:10
    Orc (0/2) D:10         Vaults (0/5) D:13        Ossuary (visited)

Altars:
Ashenzari
Cheibriados
Dithmenos
Elyvilon
Fedhas
Gozag
Hepliaklqana
Kikubaaqudgha
Makhleb
Nemelex Xobeh
Okawaru
Qazlal
Ru
Sif Muna
Trog
Uskayaw
Vehumet
Wu Jian
Xom
Yredelemnul
Zin
The Shining One

Shops:
D:2 :*(?   D:7 *   D:9 **


Innate Abilities, Weirdness & Mutations

You cannot wear most types of armour.
You are amphibious.
You can wear up to eight rings at the same time.
Your skin changes colour to match your surroundings (Stealth+).
Your rubbery body absorbs attacks. (AC +1, EV +1)
((You are camouflaged near water. (Stealth+)))
You have tentacles for arms and can constrict up to eight enemies at once.


Message History

There is a stone staircase leading up here.
You throw a poisoned dart.
The poisoned dart hits the centaur warrior!!
The centaur warrior looks as sick as possible!
The centaur warrior is moderately wounded.
A centaur comes into view.
You throw a poisoned dart.
The poisoned dart hits the centaur warrior!
The centaur warrior looks as sick as possible!
The centaur warrior is moderately wounded.
The centaur shouts!
You hear a shout!
The centaur wields a +2 vorpal shortbow.
The centaur shoots an arrow.
The arrow hits you!
A centaur comes into view.
You throw a poisoned dart.
The poisoned dart barely misses the centaur warrior.
The poisoned dart hits the centaur.
The centaur is poisoned.
The centaur warrior shoots an arrow.
The arrow barely misses you.
A centaur comes into view.
You hear a shout!
Unknown command.
You climb upwards.
There is a stone staircase leading down here.
You start resting.
HP restored.
You climb downwards.
The centaur wields a +0 shortbow.
The centaur shoots an arrow.
The arrow hits you!
The centaur warrior shoots an arrow.
The arrow hits you!!
The centaur shoots an arrow.
The arrow hits you!
The centaur shoots an arrow.
The arrow closely misses you.
The centaur warrior shoots an arrow.
The arrow hits you!
* * * LOW HITPOINT WARNING * * *
There is a stone staircase leading up, spattered with blood here.
The centaur shoots an arrow.
The arrow hits you!
* * * LOW HITPOINT WARNING * * *
x2 The centaur shoots an arrow.
The arrow hits you.
* * * LOW HITPOINT WARNING * * *
The centaur warrior shoots an arrow.
The arrow hits you!
You die...
Your body crumbles into a pile of gold. ( ####+#c.c. #@...[c((. ####c####+ # $

You could see a centaur warrior and 3 centaurs.

Vanquished Creatures
  Gastronok (D:12)
  Frances (D:13)
  Harold (D:8)
  A hydra (D:9)
  2 boulder beetles (D:11)
  2 centaur warriors
  4 two-headed ogres
  A wizard (D:13)
  A deep elf zephyrmancer (D:13)
  A deep elf pyromancer (D:13)
  An ugly thing (D:13)
  2 cyclopes
  2 gargoyles
  Maggie (D:6)
  Psyche (D:8)
  A troll (D:12)
  A merfolk (shapeshifter) (D:13)
  A hornet (D:7)
  16 slime creatures
  Sigmund (D:2)
  A vampire (D:12)
  2 wraiths
  15 yaks
  Grum (D:8)
  A steam dragon (D:8)
  3 vampire mosquitoes (D:12)
  An orc warrior (D:5)
  A black bear (D:5)
  A necrophage (D:8)
  2 wolves (D:8)
  4 ogres
  4 centaurs
  4 phantoms
  2 kobold brigands
  2 bullfrogs
  A wyvern zombie (D:7)
  A gnoll sergeant (D:7)
  A scorpion (D:5)
  12 killer bees
  14 wights
  5 centaur zombies
  A crimson imp (D:5)
  5 orc priests
  3 jellies
  2 hounds (D:6)
  A centaur skeleton (D:5)
  2 gnoll shamans
  Jessica (D:2)
  Ijyb (D:4)
  9 orc wizards
  Natasha (thrice) (D:2)
  2 killer bee zombies
  8 mummies (Ossuary)
  2 howler monkey zombies
  10 gnolls
  6 adders
  3 white imps
  An ufetubus (D:7)
  2 worms (D:2)
  3 dart slugs
  40 orcs
  5 endoplasms
  2 giant cockroaches
  3 gnoll zombies (Ossuary)
  4 goblins
  9 hobgoblins
  9 jackals
  19 kobolds
  3 quokkas
  12 ball pythons
  6 bats
  A frilled lizard (D:1)
  A hobgoblin zombie (Ossuary)
  3 kobold zombies (Ossuary)
  An orc zombie (Ossuary)
  A rat (D:3)
304 creatures vanquished.

Vanquished Creatures (others)
  2 plants
2 creatures vanquished.

Grand Total: 306 creatures vanquished

Notes
Turn   | Place    | Note
-------+----------+-------------------------------------------
     0 | D:1      | ytrimaz the Octopode Brigand began the quest for the Orb.
     0 | D:1      | Reached XP level 1. HP: 14/14 MP: 1/1
   157 | D:1      | Reached XP level 2. HP: 7/19 MP: 2/2
   629 | D:1      | Reached skill level 6 in Stealth
   682 | D:1      | Reached XP level 3. HP: 10/24 MP: 3/3
  1325 | D:1      | Identified 2 scrolls of acquirement
  1325 | D:1      | Acquired the ring of the Coward {*Slow rElec Will+ Int+2
                  | Dex+6}
  1337 | D:1      | Acquired 804 gold pieces
  1758 | D:2      | Found Biusaoc's Antique Weapon Boutique.
  1787 | D:2      | Noticed Jessica
  1795 | D:2      | Killed Jessica
  1796 | D:2      | Reached XP level 4. HP: 12/30 MP: 4/4
  2007 | D:2      | Found Adghuc's Magic Scroll Emporium.
  2030 | D:2      | Bought a scroll of acquirement for 520 gold pieces
  2034 | D:2      | Acquired the ring of Insomnia {rF+ rN+ rCorr SInv}
  2039 | D:2      | Noticed Sigmund
  2873 | D:3      | Found a faded altar of an unknown god.
  3003 | D:3      | Reached XP level 5. HP: 35/35 MP: 5/5
  3407 | D:2      | Killed Sigmund
  3408 | D:2      | Reached skill level 7 in Stealth
  3408 | D:2      | Reached XP level 6. HP: 32/42 MP: 6/6
  3831 | D:2      | Noticed Natasha
  3844 | D:2      | Killed Natasha
  3978 | D:2      | Noticed Natasha
  3986 | D:2      | Killed Natasha
  4083 | D:2      | Found Tixular's Assorted Antiques.
  4094 | D:2      | Found Laradiaq's Book Shoppe.
  4270 | D:2      | Noticed Natasha
  4280 | D:2      | Killed Natasha
  4336 | D:4      | Reached XP level 7. HP: 22/46 MP: 7/7
  4530 | D:4      | Reached skill level 5 in Throwing
  4652 | D:4      | Found a staircase to the Ecumenical Temple.
  4682 | Temple   | Entered the Ecumenical Temple
  5094 | Temple   | Became a worshipper of Gozag Ym Sagoz the Greedy
  5155 | D:4      | Noticed Ijyb
  5159 | D:4      | Killed Ijyb
  5279 | D:4      | Found a hazy altar of Hepliaklqana.
  5844 | D:5      | Entered Level 5 of the Dungeon
  6114 | D:5      | Reached skill level 8 in Stealth
  6114 | D:5      | Reached XP level 8. HP: 54/54 MP: 8/8
  6759 | D:5      | Reached skill level 5 in Short Blades
  6945 | D:5      | Found a burning altar of Makhleb.
  7291 | D:6      | Reached skill level 9 in Stealth
  7638 | D:6      | Found a sacrificial altar of Ru.
  7653 | D:6      | Found a shadowy altar of Dithmenos.
  7666 | D:6      | Reached XP level 9. HP: 49/60 MP: 9/9
  8439 | D:6      | Reached skill level 5 in Fighting
  8473 | D:6      | Noticed Maggie
  8480 | D:6      | Killed Maggie
  8511 | D:7      | Found a sand-covered staircase.
  8517 | Ossuary  | Entered an ossuary
  8882 | Ossuary  | Acquired a +4 quick blade
  8892 | Ossuary  | Acquired the ring of Riow {rPois Str+4 Dex+6 Slay+2 Stlth-}
  8955 | D:7      | Reached skill level 5 in Dodging
  8970 | D:7      | Reached skill level 10 in Stealth
  9218 | D:7      | Noticed a hornet
  9240 | D:7      | Killed a hornet
  9798 | D:8      | Noticed Harold
  9802 | D:8      | Reached XP level 10. HP: 68/68 MP: 10/10
  9815 | D:8      | Killed Harold
  9816 | D:8      | Reached skill level 11 in Stealth
 10131 | D:8      | Found a glowing silver altar of Zin.
 10430 | D:8      | Noticed Grum
 10440 | D:8      | Killed Grum
 10603 | D:8      | Found a broken altar of Ashenzari.
 10607 | D:8      | Found a stormy altar of Qazlal.
 10612 | D:8      | Found a radiant altar of Vehumet.
 10678 | D:8      | Found a shimmering blue altar of Sif Muna.
 10844 | D:8      | Found a basalt altar of Yredelemnul.
 10924 | D:8      | Noticed Psyche
 10927 | D:8      | Killed Psyche
 10928 | D:8      | Reached skill level 12 in Stealth
 11007 | D:8      | Identified the +6 short sword of Proximity {pain, Int+4}
 11033 | D:9      | Noticed a centaur warrior
 11261 | D:9      | HP: 1/68 [centaur warrior (3)]
 11268 | D:9      | Killed a centaur warrior
 11557 | D:9      | Noticed a seven-headed hydra
 11652 | D:9      | Identified the +4 dagger of the Original Sin {elec, *Noise
                  | rElec Str-5 Int+6}
 11939 | D:9      | Found Imeat's Overcharged Wands.
 12179 | D:9      | Killed a seven-headed hydra
 12180 | D:9      | Reached skill level 13 in Stealth
 12180 | D:9      | Reached XP level 11. HP: 50/74 MP: 11/11
 12459 | D:10     | Entered Level 10 of the Dungeon
 12530 | D:10     | Reached skill level 10 in Throwing
 13188 | D:10     | Found a staircase to the Orcish Mines.
 13640 | D:10     | Found a staircase to the Lair.
 13684 | D:11     | Noticed a boulder beetle
 13717 | D:11     | Killed a boulder beetle
 14218 | D:11     | Noticed a two-headed ogre
 14221 | D:11     | Killed a two-headed ogre
 14222 | D:11     | Reached skill level 14 in Stealth
 14540 | D:11     | Found a sacrificial altar of Ru.
 14559 | D:11     | Noticed a boulder beetle
 14594 | D:11     | Killed a boulder beetle
 14925 | D:12     | Noticed Gastronok
 14967 | D:12     | Killed Gastronok
 14968 | D:12     | Reached XP level 12. HP: 55/84 MP: 12/12
 14978 | D:12     | Identified the +3 chain mail of Viekaoru {Drain Str+2
                  | Dex+4}
 16053 | D:13     | Reached skill level 15 in Stealth
 16054 | D:13     | Reached skill level 10 in Short Blades
 16262 | D:13     | Noticed a two-headed ogre
 16263 | D:13     | Noticed a two-headed ogre
 16289 | D:13     | Killed a two-headed ogre
 16295 | D:13     | Killed a two-headed ogre
 16547 | D:13     | Found a gate to the Vaults.
 16547 | D:13     | Noticed a two-headed ogre
 16552 | D:13     | Killed a two-headed ogre
 16918 | D:13     | Noticed Frances
 17209 | D:13     | Reached skill level 16 in Stealth
 17292 | D:13     | Noticed a centaur warrior
 17298 | D:13     | Killed a centaur warrior
 17299 | D:13     | Reached XP level 13. HP: 91/91 MP: 13/13
 17495 | D:13     | Killed Frances
 17857 | D:14     | Shot with an arrow by a centaur warrior

Illustrated notes

Levels and vault maps discovered:
D:1:      dpeg_arrival_round_b, layout_loops_ring, st_stairs_9,
          nrook_mini_backslash
D:2:      layout_basic, serial_shops, shop, shop, shop,
          nicolae_shop_overgrown_old_shop, kennysheep_boxes, uniq_jessica,
          uniq_natasha, uniq_sigmund
D:3:      layout_basic, chequers_ecumenical_altar_simple_redux,
          minmay_joined_circles
D:4:      layout_basic, mainiacjoe_overflow_small_starburst,
          minmay_temple_entry_sparse_star, uniq_ijyb
D:5:      layout_basic, makhleb_grotto_becter
D:6:      layout_cave_pools, lemuel_tele_altar, grunt_dithmenos_shadows,
          uniq_maggie
D:7:      layout_rooms, nicolae_ossuary_entry_monument
D:8:      layout_loops_corners, mainiacjoe_overflow_concentric_impassable,
          overflow_temple_1_default, minitemple, nicolae_overflow_hidden_temple,
          uniq_grum, uniq_psyche, uniq_harold
D:9:      layout_roguey, nicolae_shop_overcharged_wands
D:10:     layout_cross, lair_entry_dummy, orc_0_dummy, st_stairs_10
D:11:     layout_rooms, nicolae_ru_the_path_less_chosen
D:12:     layout_gridville, uniq_gastronok
D:13:     layout_stronghold, david_vaults_1, grunt_ministairs_14,
          kennysheep_nondescript, uniq_frances
D:14:     layout_basic, special_room [special_room_orc], corexii_corridor_pit,
          uniq_rupert, uniq_roxanne
Temple:   minmay_temple_forest_path

Skill      XL: |  1  2  3  4  5  6  7  8  9 10 11 12 |
---------------+-------------------------------------+-----
Stealth        | 6 7 8 9 10 13 14 16 | 16.4
Short Blades   | 3 4 5 7 8 9 10 | 10.5
Dodging        | 2 3 4 5 6 8 9 |  9.1
Fighting       | 3 4 5 6 8 9 |  9.8
Throwing       | 3 4 6 7 8 9 11 12 | 12.2

Action                   |  1- 3 |  4- 6 |  7- 9 | 10-12 | 13-15 || total
-------------------------+-------+-------+-------+-------+-------++-------
Melee: Dagger            |    74 |    71 |   167 |       |       ||   312
       Constrict         |    21 |    19 |    50 |    40 |     1 ||   131
       Tentacles         |     9 |    18 |    68 |   143 |     7 ||   245
       Quick blade       |       |       |    52 |   384 |    11 ||   447
Throw: Dart              |     8 |    31 |    13 |     3 |    12 ||    67
Invok: Call Merchant     |       |       |     1 |     1 |       ||     2
  Use: Scroll            |     4 |     7 |     9 |    10 |     1 ||    31
       Potion            |       |     1 |     3 |     3 |       ||     7
 Stab: Sleeping          |     4 |     4 |    25 |    36 |       ||    69
       Distracted        |     1 |     3 |     4 |     5 |       ||    13
Armor: Skin              |     8 |     2 |     6 |     7 |       ||    23
Dodge: Dodged            |    48 |    42 |   120 |   126 |     6 ||   342

Table legend: (Time is in decaauts)
 A = Elapsed time spent in this place.
 B = Non-inter-level travel time spent in this place.
 C = Inter-level travel time spent in this place.
 D = Time resting spent in this place.
 E = Time spent auto-exploring this place.
 F = Levels seen in this place.
 G = Mean time per level.
                   A        B        C        D        E       F      G
               +--------+--------+--------+--------+--------+-----+--------+
         Total |  17464 |  16898 |    566 |   2039 |  11872 |  16 | 1091.5 |
       Dungeon |  16651 |  16128 |    523 |   1971 |  11390 |  14 | 1189.4 |
        Temple |    441 |    398 |     43 |      0 |    365 |   1 |  441.0 |
       Ossuary |    371 |    371 |      0 |     68 |    117 |   1 |  371.0 |
               +--------+--------+--------+--------+--------+-----+--------+

Top non-repeatable levels by time:
    D:13: 1900 daAuts
     D:1: 1749 daAuts
     D:9: 1692 daAuts
     D:6: 1303 daAuts
     D:5: 1288 daAuts
     D:3: 1280 daAuts
     D:2: 1261 daAuts
     D:8: 1256 daAuts
     D:4: 1125 daAuts
    D:12: 1124 daAuts
    D:11: 987 daAuts
     D:7: 849 daAuts
    D:10: 824 daAuts
  Temple: 441 daAuts
 Ossuary: 371 daAuts
